 Dungeon Crawl Stone Soup version 0.27-a0-1154-gfdeffcb720 (webtiles) character file.

Game seed: 15749515944740237284

21 chippings the Cudgeller (level 2, 22/22 HPs)
             Began as a Mummy Gladiator on May 14, 2021.
             Was a Follower of Dithmenos.
             Quit the game on level 1 of the Dungeon.
             The game lasted 00:01:23 (761 turns).

chippings the Cudgeller (Mummy Gladiator)            Turns: 761, Time: 00:01:24

Health: 22/22      AC:  4    Str: 17    XL:     2   Next: 65%
Magic:  2/2        EV: 11    Int:  7    God:    Dithmenos [*.....]
Gold:   14         SH:  6    Dex: 13    Spells: 1/1 levels left

rFire    x . .     SeeInvis .   a - +0 flail
rCold    + . .     Faith    .   e - +2 buckler
rNeg     + + +     Spirit   .   b - +0 leather armour
rPois    ∞         Reflect  .   c - +0 helmet
rElec    .         Harm     .   (no cloak)
rCorr    .         Rampage  .   (no gloves)
Will     .....                  (no boots)
Stlth    +.........             (no amulet)
HPRegen  0.07/turn              (no ring)
MPRegen  0.08/turn              (no ring)

@: wreathed by umbra
A: cold resistance 1, negative energy resistance 3, torment resistance 2, heat
vulnerability 1, no potions
a: Renounce Religion


You were on level 1 of the Dungeon.
You worshipped Dithmenos.
Dithmenos was aware of your devotion.
You visited 1 branch of the dungeon, and saw 1 of its levels.

You collected 14 gold pieces.

Inventory:

Hand Weapons
 a - a +0 flail (weapon)
Missiles
 d - 3 throwing nets (quivered)
Armour
 b - a +0 leather armour (worn)
 c - a +0 helmet (worn)
 e - a +2 buckler (worn)
Jewellery
 f - a ring of protection from cold
Scrolls
 g - a scroll of identify {unknown}
 h - a scroll of enchant weapon {unknown}


   Skills:
 + Level 2.2 Fighting
 * Level 2.8 Maces & Flails
 - Level 1.5 Throwing
 - Level 2.4 Dodging
 * Level 1.0 Shields


You had one spell level left.
You didn't know any spells.
Your spell library was empty.

Dungeon Overview and Level Annotations

Branches:
Dungeon (1/15)

Altars:
Dithmenos

Shops:
D:1 *


Innate Abilities, Weirdness & Mutations

You are immune to poison.
Your flesh is cold resistant. (rC+)
You are immune to negative energy. (rN+++)
You are immune to unholy pain and torment.
You are vulnerable to heat. (rF-)
You do not drink.


Message History

The goblin shouts!
You miss the goblin. The goblin barely misses you.
You sock the goblin!
You kill the goblin!
You see here a +0 club.
g - a scroll labelled OCZAPI YPERAA
h - a scroll labelled YRHIH CUNT
Found 25 stones.
Found a leather armour.
You see here 25 stones.
A dart slug comes into view.
The dart slug barely misses you.
You hit the dart slug.
The dart slug is lightly wounded.
The dart slug launches a dart at you. The slug dart misses you.
You hit the dart slug.
The dart slug is moderately wounded.
The dart slug bites you but does no damage.
You hit the dart slug but do no damage.
The dart slug is moderately wounded.
You hit the dart slug.
The dart slug is heavily wounded.
The dart slug bites you but does no damage.
You sock the dart slug!
You kill the dart slug!
You see here a dart slug corpse.
Found 20 arrows.
You now have 14 gold pieces.
Found a faded altar of an unknown god.
There is a fountain of clear blue water here.
There is a faded altar of an unknown god here.
You are not religious.
Unknown command.
Press < or > to pray at altars.
You cannot tell which god this altar belongs to.
Convert to them anyway?
Dithmenos accepts your prayer! Dithmenos welcomes you!
You are shrouded in an aura of darkness!
Are you sure you want to abandon this character and quit the game? (Confirm with "yes".)

## #. #.
###### ## #.
..... .# #.
.### #..# .#
#.
.....#..###.#
#.
.###........#
#######.
.......@....#
#......#
##########.##
#.#..... #.#
#.#..... #.#
#.#..#.#
###.#
####.#..#.#
♣♣...#
#...(.....#
♣.♣..#
#.####.....
♣♣.♣#♣♣♣♣.#
##.### ♣♣.♣♣
♣...♣♣ ...#


There were no monsters in sight!

Vanquished Creatures
  A dart slug (D:1)
  2 endoplasms (D:1)
  4 goblins (D:1)
  3 jackals (D:1)
  2 ball pythons (D:1)
  2 bats (D:1)
  A frilled lizard (D:1)
  2 kobolds (D:1)
  A rat (D:1)
18 creatures vanquished.

Notes
Turn   | Place    | Note
-------+----------+-------------------------------------------
     0 | D:1      | chippings the Mummy Gladiator began the quest for the Orb.
     0 | D:1      | Reached XP level 1. HP: 16/16 MP: 1/1
   232 | D:1      | Reached XP level 2. HP: 21/22 MP: 2/2
   645 | D:1      | Found Roibyzett's Assorted Antiques.
   649 | D:1      | Reached skill level 1 in Shields
   738 | D:1      | Found a faded altar of an unknown god.
   745 | D:1      | Became a worshipper of Dithmenos the Shadowed
   745 | D:1      | Reached * piety under Dithmenos
   761 | D:1      | Quit the game

Illustrated notes

Levels and vault maps discovered:
D:1:      minmay_arrival_doors, layout_loops_corners, serial_shops, shop,
          shapermc_ecumenical_altar_totnotflames, hangedman_decor_riveting

Skill      XL: |  1  2 |
---------------+-------+-----
Shields        | 1 |  1.0
Fighting       | |  2.2
Maces & Flails | |  2.8
Throwing       | |  1.5
Dodging        | |  2.4

Action                   || total
-------------------------++-------
Melee: Flail             ||    51
Armor: Leather armour    ||    16
Dodge: Dodged            ||    28
Block: Buckler           ||    17

Table legend: (Time is in decaauts)
 A = Elapsed time spent in this place.
 B = Non-inter-level travel time spent in this place.
 C = Inter-level travel time spent in this place.
 D = Time resting spent in this place.
 E = Time spent auto-exploring this place.
 F = Levels seen in this place.
 G = Mean time per level.
                   A        B        C        D        E       F      G
               +--------+--------+--------+--------+--------+-----+--------+
         Total |    778 |    778 |      0 |      0 |    541 |   1 |  778.0 |
       Dungeon |    778 |    778 |      0 |      0 |    541 |   1 |  778.0 |
               +--------+--------+--------+--------+--------+-----+--------+

Top non-repeatable levels by time:
     D:1: 778 daAuts
